Map: Lerilak Crest

Players

Fullmetal

  • Race: Terran Terran
  • League: Master

Peppy - Winner!

  • Race: Zerg Zerg
  • League: Master

VOD

Have the link to the VOD?

Description

Time

  • Played on: Nov. 16, 2015, 10:24 p.m.
  • Length: 9:21
Show
View Real Time Build Order
Export as new Build Order

Fullmetal Terran 

Build Orders: Liberator Opening, Reaper Expand 

Get SALT Encoding   

  12  0:01  SCV  
  13  0:13  SCV  
  14  0:17  Supply Depot  
  14  0:25  SCV  
  15  0:39  SCV  
  15  0:40  Barracks  
  16  0:45  Refinery  
  16  0:51  SCV  
  17  1:03  SCV  
  18  1:16  SCV  
  19  1:28  Orbital Command  
  19  1:30  Reaper  
  20  1:43  Command Center  
  20  1:56  SCV  
  20  2:01  Supply Depot  
  21  2:08  SCV  
  22  2:09  Barracks Reactor  
  22  2:16  Refinery  
  22  2:20  SCV  
  23  2:25  Factory  
  23  2:32  SCV  
  24  2:44  SCV  
  24  2:50  Marine x2  
  27  2:56  SCV, Orbital Command  
  28  3:09  SCV  
  28  3:11  Starport  
  29  3:18  Barracks Tech Lab  
  29  3:19  Hellion x2  
  33  3:21  SCV, Barracks Reactor  
  33  3:24  SCV  
  35  3:28  Refinery  
  35  3:29  Supply Depot  
  35  3:33  SCV  
  36  3:36  SCV  
  37  3:43  Hellion  
  37  3:44  Hellion  
  37  3:45  SCV  
  42  3:49  SCV  
  42  3:50  Liberator x2  
  43  3:57  SCV  
  43  4:03  Barracks Tech Lab  
  43  4:09  Hellion x2  
  51  4:10  SCV x2  
  53  4:19  Supply Depot  
  53  4:24  SCV  
  53  4:25  Supply Depot  
  54  4:40  SCV, Factory Reactor, Barracks  
  54  4:42  SCV  
  54  4:45  Barracks  
  56  4:49  Marauder  
  56  4:50  Liberator  
  56  4:52  SCV  
  57  4:54  SCV  
  57  4:55  Bunker  
  58  5:04  SCV  
  58  5:05  Liberator  
  58  5:06  SCV  
  58  5:21  SCV  
  58  5:25  SCV  
  58  5:27  Marauder  
  53  5:36  SCV  
  53  5:37  Widow Mine x2  
  54  5:44  SCV  
  54  5:48  SCV, Liberator  
  42  6:12  SCV x2  
  42  6:17  Marine  
  45  6:24  SCV x2  
  45  6:30  Liberator  
  40  6:36  SCV x2  
  40  6:48  SCV  
  40  6:49  SCV  
  45  7:00  Marine x3  
  45  7:01  SCV x2  
  50  7:09  Engineering Bay, Bunker  
  50  7:11  Command Center  
  50  7:12  Engineering Bay  
  50  7:13  SCV  
  51  7:15  Refinery  
  48  7:23  SCV  
  48  7:24  Marine x4  
  48  7:25  SCV  
  54  7:35  SCV  
  55  7:37  SCV, Starport Reactor  
  56  7:47  SCV  
  56  7:49  SCV, Marine x4  
  59  7:58  Liberator  
  59  7:59  SCV  
  59  8:02  SCV  
  58  8:11  SCV  
  59  8:14  SCV, Barracks Tech Lab, Barracks  
  59  8:17  Barracks  
  63  8:23  SCV, Marine x2  
  63  8:26  SCV  
  64  8:28  Orbital Command  
  64  8:32  Factory Tech Lab  
  64  8:36  SCV  
  64  8:38  SCV  
  62  8:46  Barracks Reactor  
  62  8:47  Marine x2  
  62  8:48  SCV, Marauder  
  64  8:50  SCV  
  50  9:03  SCV  
  50  9:08  SCV x2  
Show
View Real Time Build Order
Export as new Build Order

Peppy Zerg - Winner!

Build Orders: Hatch First 

Get SALT Encoding   

  12  0:01  Drone  
  13  0:08  Drone  
  14  0:16  Overlord  
  14  0:21  Extractor  
  14  0:23  Drone  
  15  0:36  Drone x2  
  17  0:48  Drone  
  18  0:58  Hatchery  
  18  1:00  Drone  
  18  1:14  Spawning Pool  
  18  1:15  Extractor  
  18  1:17  Drone  
  17  1:20  Drone  
  18  1:34  Drone  
  19  1:40  Overlord  
  19  2:11  Queen x2  
  19  2:14  Zergling x6  
  26  2:16  Drone  
  27  2:22  Extractor  
  27  2:23  Metabolic Boost  
  27  2:24  Drone  
  27  2:28  Drone  
  28  2:34  Drone  
  29  2:38  Overlord  
  29  2:47  Drone x2  
  31  2:56  Drone  
  33  2:58  Drone  
  33  3:04  Drone  
  34  3:09  Drone  
  34  3:12  Pneumatized Carapace  
  35  3:15  Overlord  
  35  3:19  Drone x2  
  37  3:20  Drone x2  
  37  3:23  Drone  
  40  3:27  Roach Warren  
  40  3:28  Evolution Chamber  
  40  3:29  Drone  
  40  3:32  Drone  
  40  3:33  Drone  
  41  3:37  Drone  
  41  3:40  Overlord  
  42  3:52  Overlord x2  
  41  4:09  Roach  
  41  4:10  Roach x6  
  41  4:12  Roach  
  41  4:15  Roach  
  57  4:21  Roach  
  59  4:25  Roach  
  61  4:32  Roach  
  61  4:35  Zergling x2  
  61  4:36  Queen  
  66  4:39  Zergling x4  
  66  4:40  Zergling x2  
  69  4:53  Zergling x8  
  73  5:09  Hatchery  
  71  5:24  Overlord  
  71  5:27  Drone x2  
  70  5:29  Drone x2  
  70  5:32  Lair  
  70  5:35  Zerg Missile Weapons Level 1, Drone  
  66  5:49  Drone  
  67  5:51  Drone  
  67  5:52  Drone  
  68  6:01  Overlord  
  68  6:08  Overlord  
  62  6:13  Drone x4  
  62  6:14  Drone  
  63  6:19  Drone  
  63  6:21  Extractor  
  63  6:30  Overlord  
  63  6:31  Drone  
  64  6:37  Overlord  
  62  6:43  Roach x4  
  62  6:45  Glial Reconstitution  
  70  6:54  Roach x3  
  70  6:55  Roach x6  
  70  6:59  Queen x2  
  70  7:00  Queen  
  70  7:01  Spore Crawler  
  93  7:03  Extractor  
  93  7:04  Roach x2  
  93  7:06  Ravager  
  93  7:07  Ravager x2  
  99  7:12  Zergling x2  
  99  7:13  Drone  
  101  7:21  Spore Crawler  
  100  7:29  Overlord  
  100  7:30  Drone x5  
  100  7:35  Overlord  
  102  7:48  Overlord  
  98  8:05  Drone x2  
  98  8:06  Drone x3  
  98  8:07  Drone  
  98  8:08  Drone  
  98  8:11  Overlord  
  104  8:17  Overlord  
  104  8:20  Overlord  
  104  8:28  Overlord  
  104  8:30  Drone x7  
  104  8:32  Overlord  
  111  8:38  Hatchery  
  108  8:59  Overlord  
  106  9:07  Drone x5  
  109  9:12  Extractor  
  109  9:13  Extractor  
Tags
 
Add a new tag
Caveats
  • Supply blocks, unpowered buildings, or Contaminate may cause inaccurate times.
  • Supply counts are checked every 10 seconds.